 Dungeon Crawl Stone Soup version 0.29.1-2-gbd0b4ee654 (webtiles) character file.

Game seed: 2621001531850183125

2327 mcbry74 the Grappler (level 9, -5/79 HPs)
             Began as a Troll Gladiator on Oct 28, 2022.
             Was a Follower of the Shining One.
             Shot with an arrow by a centaur (7 damage)
             ... on level 7 of the Dungeon.
             The game lasted 00:19:37 (5089 turns).

mcbry74 the Grappler (Troll Gladiator)              Turns: 5089, Time: 00:19:37

Health: -5/79      AC:  6    Str: 26    XL:     9   Next: 19%
Magic:  8/8        EV: 10    Int:  6    God:    the Shining One [*.....]
Gold:   300        SH:  0    Dex: 11    Spells: 8/8 levels left

rFire   . . .      SeeInvis .     - Unarmed
rCold   . . .      Faith    .   (no shield)
rNeg    . . .      Spirit   .   a - +0 robe
rPois   .          Reflect  .   b - +0 hat
rElec   .          Harm     .   J - +1 cloak
rCorr   .          Rampage  .   (gloves unavailable)
Will    .....                   (boots unavailable)
Stlth   +.........              (no amulet)
HPRegen 1.03/turn               (no ring)
MPRegen 0.11/turn               (no ring)

@: glowing
A: large, unfitting armour, claws 3, regeneration 1, shaggy fur 1, tough skin 1
a: Renounce Religion, Divine Shield


You were on level 7 of the Dungeon.
You worshipped the Shining One.
The Shining One was aware of your devotion.
You visited 1 branch of the dungeon, and saw 7 of its levels.
You also visited: Sewer.

You collected 300 gold pieces.

Inventory:

Hand Weapons
 j - a +2 whip of electrocution
 F - a +2 flail of protection
Missiles
 c - 3 throwing nets
 d - a large rock
 i - 6 atropa-tipped darts
 k - 18 poisoned darts (quivered)
 q - 36 stones
 G - a boomerang
Armour
 a - a +0 robe (worn)
 b - a +0 hat (worn)
 u - a +0 pair of gloves
 J - a +1 cloak (worn)
Jewellery
 s - an amulet of guardian spirit
Wands
 x - a wand of polymorph (7)
Scrolls
 f - a scroll of enchant armour {unknown}
 l - 4 scrolls of teleportation
 m - 4 scrolls of magic mapping
 r - 3 scrolls of fear
 v - a scroll of vulnerability {unknown}
 w - a scroll of poison {unknown}
 y - 2 scrolls of enchant weapon {unknown}
 C - a scroll of blinking {unknown}
 D - a scroll of silence {unknown}
 E - a scroll of amnesia {unknown}
 I - a scroll of identify
Potions
 e - 2 potions of heal wounds
 g - a potion of flight
 h - a potion of lignification {unknown}
 n - 3 potions of haste {unknown}
 o - 4 potions of curing {unknown}
 p - 2 potions of degeneration {unknown}
 t - a potion of brilliance {unknown}
 z - 2 potions of invisibility {unknown}
 A - 2 potions of might {unknown}
 B - a potion of experience {unknown}
 H - a potion of attraction {unknown}


   Skills:
 - Level 2.0 Fighting
 + Level 6.4 Throwing
 - Level 3.3 Dodging
 * Level 10.2 Unarmed Combat
 + Level 0.9 Invocations


You had 8 spell levels left.
You didn't know any spells.
Your spell library contained the following spells:

 Spells                   Type           Power      Damage    Failure   Level
 Sandblast                Erth           0%         2d4       45%         1
 Ensorcelled Hibernation  Hex/Ice        0%         N/A       58%         2
 Passwall                 Tmut/Erth      0%         N/A       58%         2
 Spider Form              Tmut/Pois      0%         N/A       83%         3
 Stone Arrow              Conj/Erth      0%         3d7       83%         3
 Anguish                  Hex/Necr       0%         N/A       99%         4


Dungeon Overview and Level Annotations

Branches:
Dungeon (7/15)             Temple (0/1) D:4           Sewer (visited)

Altars:
Ashenzari
Cheibriados
Kikubaaqudgha
The Shining One


Innate Abilities, Weirdness & Mutations

You are too large for most types of armour.
You have claws for hands.
Your natural rate of healing is unusually fast.
You are covered in fur. (AC +1)
You have tough skin. (AC +1)


Message History

* * * LOW HITPOINT WARNING * * *
It was a potion of heal wounds.
You feel much better.
The centaur shoots an arrow.
The arrow hits you.
* * * LOW HITPOINT WARNING * * *
The centaur shoots an arrow.
The arrow closely misses you.
The centaur shoots an arrow.
The arrow misses you.
The centaur shoots an arrow.
The arrow completely misses you.
The centaur shoots an arrow.
The arrow hits you!
* * * LOW HITPOINT WARNING * * *
The centaur shoots an arrow.
The arrow barely misses you.
The centaur shoots an arrow.
The arrow completely misses you.
The centaur unwields a +0 shortbow.
The centaur misses you. The centaur closely misses you.
You claw the centaur!
The centaur is severely wounded.
The centaur closely misses you.
The centaur kicks you but does no damage.
The phantom hits you but does no damage.
The centaur shoots an arrow.
The arrow hits you.
* * * LOW HITPOINT WARNING * * *
The centaur closely misses you.
The centaur kicks you but does no damage.
The ogre attacks as you move away!
The ogre hits you with a +0 giant spiked club!
* * * LOW HITPOINT WARNING * * *
The centaur shoots an arrow.
The arrow closely misses you. The centaur completely misses you. x2
The centaur shoots an arrow.
The arrow barely misses you.
The centaur wields a +0 shortbow.
The centaur shoots an arrow.
The arrow completely misses you.
You barely miss the phantom. The phantom hits you.
* * * LOW HITPOINT WARNING * * *
The centaur unwields a +0 shortbow.
The centaur hits you but does no damage.
The centaur kicks you but does no damage.
The centaur attacks as you move away! The centaur closely misses you.
The centaur kicks you.
* * * LOW HITPOINT WARNING * * *
The centaur shoots an arrow.
The arrow hits you!
You die...

### #.....##..........##
##.####....####...........
#...#..........##..c#....
#.......#.##..[.#...# .
####.......#.#.............c.W
#..##..∩......O...........c?..
#...##.....c.#c......#........
#...##.......#W#....##........
##...#.........@#..............
#.....#..............#.........
###...#.......####..###........
#.............#.[..#....
##..............# ......
##.............##......
#.....#................
##.....................
#..#..................


You could see an ogre, a phantom and 2 centaurs.

Vanquished Creatures
  A komodo dragon (D:6)
  A wyvern (D:7)
  Eustachio (D:4)
  Edmund (D:5)
  An ice beast (D:6)
  2 ogres (D:6)
  2 phantoms
  2 kobold brigands (Sewer)
  2 bullfrogs (D:6)
  Blork the orc (D:4)
  2 necrophages
  3 scorpions (D:6)
  4 hounds
  2 orc priests (D:5)
  A jelly (D:6)
  3 iguanas
  4 gnolls (D:6)
  15 adders
  5 river rats (Sewer)
  A shadow imp (D:5)
  3 worms
  3 dart slugs
  13 orcs
  7 bats
  9 endoplasms
  6 giant cockroaches
  4 hobgoblins
  5 jackals
  13 kobolds
  5 quokkas
  12 ball pythons
  10 frilled lizards
  7 goblins
  13 rats
164 creatures vanquished.

Vanquished Creatures (others)
  9 plants (Sewer)
9 creatures vanquished.

Grand Total: 173 creatures vanquished

Notes
Turn   | Place    | Note
-------+----------+-------------------------------------------
     0 | D:1      | mcbry74 the Troll Gladiator began the quest for the Orb.
     0 | D:1      | Reached XP level 1. HP: 19/19 MP: 0/0
    94 | D:1      | Reached XP level 2. HP: 28/28 MP: 1/1
   367 | D:1      | Reached XP level 3. HP: 33/33 MP: 2/2
   918 | D:2      | Identified the +5 flail of the Median {freeze, rC- Str+6
                  | Int+2 Stlth+}
  1343 | D:3      | Reached skill level 4 in Unarmed Combat
  1343 | D:3      | Reached XP level 4. HP: 25/42 MP: 3/3
  1475 | D:3      | Found a glowing golden altar of the Shining One.
  1946 | D:3      | Became a worshipper of the Shining One
  1981 | D:4      | Noticed a phantom
  1992 | D:4      | Killed a phantom
  1993 | D:4      | Reached XP level 5. HP: 45/49 MP: 4/4
  2032 | D:4      | Reached skill level 5 in Unarmed Combat
  2075 | D:4      | Reached XP level 6. HP: 47/57 MP: 5/5
  2124 | D:4      | Found a staircase to the Ecumenical Temple.
  2252 | D:4      | Noticed Eustachio
  2287 | D:4      | Killed Eustachio
  2466 | D:4      | Noticed Blork the orc
  2476 | D:4      | Killed Blork the orc
  2477 | D:4      | Reached skill level 6 in Unarmed Combat
  2526 | D:4      | Reached XP level 7. HP: 62/65 MP: 6/6
  2582 | D:4      | Found a glowing drain.
  2586 | Sewer    | Entered a sewer
  2660 | Sewer    | Reached * piety under the Shining One
  2833 | Sewer    | Reached skill level 7 in Unarmed Combat
  3569 | D:5      | Entered Level 5 of the Dungeon
  3883 | D:5      | Noticed Edmund
  3925 | D:5      | Killed Edmund
  3926 | D:5      | Reached XP level 8. HP: 72/72 MP: 7/7
  4231 | D:5      | Reached skill level 5 in Throwing
  4231 | D:5      | Reached skill level 8 in Unarmed Combat
  4355 | D:6      | Found an ancient bone altar of Kikubaaqudgha.
  4541 | D:6      | Found a snail-covered altar of Cheibriados.
  4551 | D:6      | Reached skill level 9 in Unarmed Combat
  4671 | D:6      | Noticed a komodo dragon
  4688 | D:6      | Killed a komodo dragon
  4689 | D:6      | Reached XP level 9. HP: 79/79 MP: 8/8
  4813 | D:6      | Reached skill level 10 in Unarmed Combat
  4972 | D:7      | Found a broken altar of Ashenzari.
  5077 | D:7      | HP: 2/79 [centaur/arrow (7)]
  5086 | D:7      | HP: 1/79 [ogre/+0 giant spiked club (16)]
  5089 | D:7      | Shot with an arrow by a centaur

Illustrated notes

Levels and vault maps discovered:
D:1:      minmay_arrival_three_doors, layout_basic
D:2:      cheibrodos_helix_gallery, layout_loops_cross
D:3:      layout_rooms, mainiacjoe_overflow_paths, serial_bayou_ford_a
D:4:      layout_gridville, minmay_temple_entry_statues_fountains,
          gup_sewer_entry_spiral, hangedman_feature_mirror, uniq_eustachio,
          uniq_blork_the_orc
D:5:      layout_gridville, uniq_edmund
D:6:      layout_rooms, grunt_temple_overflow_open, mrwooster_statue_mirror
D:7:      layout_cave_pools, kennysheep_mini,
          mainiacjoe_overflow_small_starburst, abandoned_shop,
          grunt_ministairs_10, uniq_prince_ribbit1

Skill      XL: |  1  2  3  4  5  6  7  8  9 |
---------------+----------------------------+-----
Throwing       | 2 3 4 6 |  6.4
Fighting       | 2 |  2.0
Unarmed Combat | 4 5 6 7 9 10 | 10.2
Dodging        | 3 |  3.3
Invocations    | |  0.9

Action                   |  1- 3 |  4- 6 |  7- 9 || total
-------------------------+-------+-------+-------++-------
Melee: Unarmed           |   122 |   125 |   172 ||   419
       Punch             |     5 |     3 |     6 ||    14
Throw: Dart              |       |       |    14 ||    14
  Use: Scroll            |     1 |     1 |     2 ||     4
       Potion            |       |       |     3 ||     3
Armor: Robe              |    45 |    30 |    35 ||   110
Dodge: Dodged            |    66 |    63 |    89 ||   218
